 Dungeon Crawl Stone Soup version 0.16-a0-3625-g2624681 (webtiles) character file.

1394 PolkaDot the Grappler (level 8, -10/63 HPs)
             Began as a White Draconian Monk on Jan 14, 2015.
             Was a Priest of Dithmenos.
             Mangled by a cyclops (27 damage)
             ... on level 6 of the Dungeon.
             The game lasted 00:12:21 (5337 turns).

PolkaDot the Grappler (White Draconian Monk)        Turns: 5337, Time: 00:12:22

Health: -10/63     AC:  7    Str: 15    XL:     8   Next: 41%
Magic:  8/8        EV: 14    Int: 14    God:    Dithmenos [***...]
Gold:   290        SH:  0    Dex: 13    Spells: 1 memorised, 6 levels left

rFire  . . .     SeeInvis .       - Unarmed
rCold  + . .     Clarity  +     (armour unavailable)
rNeg   . . .     SustAb   .     (no shield)
rPois  .         Gourm    .     (helmet restricted)
rElec  .         Spirit   .     (no cloak)
rCorr  .         Warding  .     x - +0 pair of gloves
rMut   .         Stasis   .     (no boots)
MR     .....                    (no amulet)
Stlth  ++........               (no ring)
                                (no ring)

@: wreathed by umbra, not resistant to hostile enchantments, unstealthy
A: breathe frost, unfitting armour, horns 1, clarity, clever 1, cold resistance
1, frail 1, evolution 1, cold-blooded, AC +6
a: Breathe Frost, Shadow Step, Renounce Religion


You were on level 6 of the Dungeon.
You worshipped Dithmenos.
Dithmenos was most pleased with you.
You were hungry.

You visited 2 branches of the dungeon, and saw 7 of its levels.

You collected 290 gold pieces.

Inventory:

Armour
 x - a +0 pair of gloves (worn)
Jewellery
 k - an uncursed ring of positive energy {unknown}
Scrolls
 d - a scroll of random uselessness
 e - a scroll of magic mapping
 f - 2 scrolls of remove curse
 h - a scroll of enchant armour
 i - a scroll of recharging {unknown}
 j - 2 scrolls of amnesia {unknown}
 l - a scroll of fear {unknown}
 m - a scroll of blinking {unknown}
 o - a scroll of summoning {unknown}
 q - a scroll of immolation {unknown}
 r - a scroll of fog {unknown}
 t - a scroll of noise {unknown}
 v - a scroll of teleportation {unknown}
Potions
 a - a potion of curing
 c - a potion of brilliance
 n - a potion of ambrosia {unknown}
 p - a potion of heal wounds
 w - a potion of might
Comestibles
 b - 2 bread rations
 g - a beef jerky
 s - 2 meat rations
 u - 4 chunks of flesh


   Skills:
 + Level 6.4 Fighting
 + Level 5.6 Dodging
 - Level 1.7 Stealth
 * Level 8.3 Unarmed Combat


You had 6 spell levels left.
You knew the following spells:

 Your Spells              Type           Power        Failure   Level  Hunger
a - Apportation           Tloc           #.........   30%         1    ##.....


Dungeon Overview and Level Annotations

Branches:
Dungeon (6/15)             Temple (1/1) D:4

Altars:
Dithmenos
Elyvilon
Kikubaaqudgha
Nemelex Xobeh
Qazlal
Ru
Sif Muna
Trog
Vehumet
Xom
The Shining One


Innate Abilities, Weirdness & Mutations

You can breathe waves of freezing cold.
You can buffet flying creatures when you breathe cold.
Your icy white scales are hard (AC +6).
Your body does not fit into most forms of armour.
Your flesh is cold resistant.
Your cold-blooded metabolism reacts poorly to cold.
You have a pair of small horns on your head.
You possess an exceptional clarity of mind.
Your mind is acute. (Int +2)
You are frail (-10% HP).
You evolve.


Message History

The cyclops is moderately wounded.
The cyclops hits you!!
You barely miss the cyclops.
The cyclops is moderately wounded.
The cyclops hits you.
* * * LOW HITPOINT WARNING * * *
You punch the cyclops!
The cyclops is heavily wounded.
You completely miss the cyclops.
The cyclops is heavily wounded.
The cyclops hits you!!
* * * LOW HITPOINT WARNING * * *
You hit the cyclops.
You headbutt the cyclops, but do no damage.
You punch the cyclops.
The cyclops is heavily wounded.
You hit the cyclops.
The cyclops is severely wounded.
The cyclops hits you!!
You die...

##### #### ####...#
... #......#########.#
# #.........C@.....#.#
#.....#######......#
#.....#######......###
#.....................
#####.....###..(...###
#....##.# ######.#
#....##.###### #
#....##.......
#######.)##......#


You could see a cyclops.

Vanquished Creatures
  Eustachio (D:4)
  Edmund (D:6)
  A phantom (D:4)
  2 ogres
  Sigmund (D:6)
  3 centaurs (D:6)
  3 crimson imps
  A jelly (D:5)
  3 orc priests
  A centaur skeleton (D:5)
  A hound (D:5)
  An orc wizard (D:3)
  A worker ant (D:4)
  An iguana (D:3)
  A hound skeleton (D:5)
  A worker ant zombie (D:4)
  7 adders
  4 worms
  A giant mite (D:3)
  6 giant geckos
  An ooze (D:2)
  10 orcs
  A ball python (D:1)
  10 bats
  A bat skeleton (D:5)
  4 giant cockroaches
  14 goblins
  16 hobgoblins
  12 jackals
  3 quokkas
  A giant cockroach zombie (D:5)
  2 giant newts (D:2)
  A jackal skeleton (D:4)
  11 kobolds
  7 rats
135 creatures vanquished.

Notes
Turn   | Place    | Note
--------------------------------------------------------------
     0 | D:1      | PolkaDot, the Draconian Monk, began the quest for the Orb.
     0 | D:1      | Reached XP level 1. HP: 19/19 MP: 1/1
   199 | D:1      | Reached XP level 2. HP: 26/26 MP: 2/2
   714 | D:2      | Reached XP level 3. HP: 19/31 MP: 3/3
  1080 | D:2      | Found a shimmering altar of Xom.
  1395 | D:2      | Reached XP level 4. HP: 33/40 MP: 4/4
  1479 | D:3      | Found a stormy altar of Qazlal.
  1546 | D:3      | Gained mutation: Your mind is acute. (Int +2) [potion of mutation]
  1546 | D:3      | Gained mutation: You evolve. [potion of mutation]
  1546 | D:3      | Gained mutation: Scrolls take you a little longer to read. [potion of mutation]
  1550 | D:3      | Reached skill level 5 in Unarmed Combat
  1560 | D:3      | Gained mutation: You have a pair of small horns on your head. [potion of mutation]
  1560 | D:3      | Gained mutation: You possess an exceptional clarity of mind. [potion of mutation]
  1560 | D:3      | Gained mutation: You are frail (-10% HP). [potion of mutation]
  1689 | D:3      | Reached XP level 5. HP: 41/41 MP: 5/5
  1741 | D:3      | Learned a level 1 spell: Apportation
  2591 | D:4      | Noticed Eustachio
  2627 | D:4      | HP: 2/42 [shadow imp[Eustachio] (4)]
  2629 | D:4      | Killed Eustachio
  2629 | D:4      | Reached skill level 6 in Unarmed Combat
  2629 | D:4      | Reached XP level 6. HP: 2/47 MP: 6/6
  3105 | D:4      | Noticed a phantom
  3190 | D:4      | Killed a phantom
  3190 | D:4      | Reached skill level 5 in Fighting
  3444 | D:4      | Found a staircase to the Ecumenical Temple.
  3455 | Temple   | Entered the Ecumenical Temple
  3548 | Temple   | Lost mutation: Scrolls take you a little longer to read. [evolution]
  3851 | D:4      | Your scales start taking on an icy white colour.
  3851 | D:4      | Gained mutation: Your flesh is cold resistant. [draconian maturity]
  3851 | D:4      | Reached XP level 7. HP: 48/54 MP: 7/7
  3909 | Temple   | Became a worshipper of Dithmenos the Shadowed
  3909 | Temple   | Acquired Dithmenos' first power
  4131 | D:5      | Entered Level 5 of the Dungeon
  4278 | D:5      | Found a glowing golden altar of the Shining One.
  4473 | D:5      | Reached skill level 5 in Dodging
  4473 | D:5      | Reached skill level 7 in Unarmed Combat
  5016 | D:6      | Reached XP level 8. HP: 44/63 MP: 8/8
  5089 | D:6      | Noticed Edmund
  5104 | D:6      | Killed Edmund
  5104 | D:6      | Acquired Dithmenos' second power
  5145 | D:6      | Reached skill level 8 in Unarmed Combat
  5200 | D:6      | Found a sacrificial altar of Ru.
  5283 | D:6      | Noticed Sigmund
  5295 | D:6      | Killed Sigmund
  5328 | D:6      | Noticed a cyclops
  5337 | D:6      | Mangled by a cyclops

Action                   |  1- 3 |  4- 6 |  7- 9 || total
-------------------------+-------+-------+-------++-------
Melee: Unarmed           |   125 |   210 |   192 ||   527
  Use: Potion            |       |     9 |       ||     9
       Scroll            |       |     3 |     2 ||     5
 Stab: Sleeping          |     2 |     1 |     1 ||     4
  Eat: Chunk             |     2 |     6 |       ||     8
       Bread ration      |       |       |     1 ||     1
       Beef jerky        |       |       |     1 ||     1
